 Dungeon Crawl Stone Soup version 0.30-a0-533-g4794bfbd1c (webtiles) character file.

Game seed: 5500940334894770065

128 Bnni the Vexing (level 5, -2/38 HPs)
             Began as a Formicid Hexslinger on Dec 24, 2022.
             Slain by a river rat (8 damage)
             ... on level 3 of the Dungeon.
             The game lasted 00:04:37 (1970 turns).

Bnni the Vexing (Formicid Hexslinger)               Turns: 1970, Time: 00:04:37

Health: -2/38      AC:  2    Str: 15    XL:     5   Next: 33%
Magic:  6/8        EV: 12    Int: 14    God:
Gold:   56         SH:  0    Dex: 14    Spells: 4/8 levels left

rFire   . . .      SeeInvis +    a - +1 sling
rCold   . . .      Faith    .    p - orb {mayhem}
rNeg    . . .      Spirit   .    c - +0 robe
rPois   .          Reflect  .    (helmet unavailable)
rElec   .          Harm     .    (no cloak)
rCorr   .          Rampage  .    (no gloves)
Will    .....                    (no boots)
Stlth   +                        (no amulet)
HPRegen 0.26/turn                e - ring of flight
MPRegen 0.11/turn                (no ring)

@: flying
A: permanent stasis, dig shafts and tunnels, antennae 3, four strong arms
a: Dig, Shaft Self


You were on level 3 of the Dungeon.
You visited 1 branch of the dungeon, and saw 3 of its levels.

You collected 186 gold pieces.
You spent 130 gold pieces at shops.

Inventory:

Hand Weapons
 a - a +1 sling (weapon)
Missiles
 i - 13 poisoned darts
Armour
 c - a +0 robe (worn)
 p - an orb of mayhem (worn)
Jewellery
 e - a ring of flight (left hand)
Scrolls
 b - 2 scrolls of poison
 f - a scroll of blinking {unknown}
 l - a scroll of torment {unknown}
 n - a scroll of magic mapping {unknown}
 o - 4 scrolls of identify {unknown}
 s - a scroll of fog {unknown}
Potions
 d - a potion of resistance
 g - a potion of magic {unknown}
 h - a potion of flight
 j - a potion of degeneration {unknown}
 k - a potion of brilliance {unknown}
 m - a potion of haste {unknown}
 q - 2 potions of curing {unknown}
 r - a potion of mutation {unknown}


   Skills:
 + Level 2.1 Fighting
 * Level 3.1 Ranged Weapons
 - Level 1.7 Dodging
 + Level 2.0 Spellcasting
 * Level 4.8 Hexes
 + Level 1.2 Fire Magic


You had 4 spell levels left.
You knew the following spells:

 Your Spells              Type           Power      Damage    Failure   Level
a - Slow                  Hex            56%        N/A       3%          1
b - Inner Flame           Hex/Fire       9%         N/A       21%         3

Your spell library contained the following spells:

 Spells                   Type           Power      Damage    Failure   Level
 Portal Projectile        Hex/Tloc       16%        N/A       26%         3
 Cause Fear               Hex            7%         N/A       32%         4
 Yara's Violent Unravell  Hex/Tmut       4%         3d4       94%         5
 Enfeeble                 Hex            7%         N/A       100%        7


Dungeon Overview and Level Annotations

Branches:
Dungeon (3/15)

Altars:

Shops:
D:1 [

Portals:
Sewer: D:3


Innate Abilities, Weirdness & Mutations

You cannot be hasted, slowed, berserked, paralysed or teleported.
You can dig through walls and to a lower floor.
You have a pair of large antennae on your head. (SInv)
Your four strong arms can wield two-handed weapons with a shield.


Message History

The sling bullet hits the river rat but does no damage.
The river rat is heavily wounded.
The river rat completely misses you.
Fire: a) +1 sling
Press: ? - help, Shift-Dir - straight line, f/p - river rat
Aim: a river rat (heavily wounded, 55% to hit)
You shoot a sling bullet.
The sling bullet hits the river rat but does no damage.
The river rat is heavily wounded.
The river rat bites you.
* * * LOW HITPOINT WARNING * * *
Unknown command.
Fire: a) +1 sling
Press: ? - help, Shift-Dir - straight line, f/p - river rat
Aim: a river rat (heavily wounded, 55% to hit)
You shoot a sling bullet.
The sling bullet closely misses the river rat.
The river rat closely misses you.
Casting: Slow (safe; 3% risk of failure)
Confirm with . or Enter, or press ? or * to list all spells.
Aiming: Slow (safe; 3% risk of failure)
Press: ? - help, Shift-Dir - straight line, f/p - river rat
Aim: a river rat (heavily wounded, chance to affect: 56%)
The river rat resists with significant effort.
The river rat closely misses you.
Unknown command.
You shoot a sling bullet.
The sling bullet closely misses the river rat.
The river rat bites you but does no damage.
The river rat barely misses you.
Casting: Slow (safe; 3% risk of failure)
Confirm with . or Enter, or press ? or * to list all spells.
Aiming: Slow (safe; 3% risk of failure)
Press: ? - help, Shift-Dir - straight line, f/p - river rat
Aim: a river rat (heavily wounded, chance to affect: 56%)
The river rat seems to slow down.
You shoot a sling bullet. The sling bullet hits the river rat.
The river rat is almost dead.
The river rat bites you!
You die...

~~ ~~ ~ ~## #.#
###.# ..#†# #.#r#
#######.## #.#@#
.<).......####.#.#
##)####..........#
##.######.####.###
........#.# #.#
.....##.#.# #.##
.....##.#.# #..#
..........# ##.#
..........# #.#


You could see a river rat (slow).

Vanquished Creatures
  7 adders
  A river rat (D:3)
  2 dart slugs
  5 endoplasms
  4 giant cockroaches
  3 goblins
  4 hobgoblins
  5 kobolds
  3 quokkas
  6 ball pythons
  5 bats
  4 frilled lizards
  8 rats
57 creatures vanquished.

Vanquished Creatures (collateral kills)
  A giant cockroach (D:3)
1 creature vanquished.

Vanquished Creatures (others)
  2 rats (D:3)
2 creatures vanquished.

Grand Total: 60 creatures vanquished

Notes
Turn   | Place    | Note
-------+----------+-------------------------------------------
     0 | D:1      | Bnni the Formicid Hexslinger began the quest for the Orb.
     0 | D:1      | Reached XP level 1. HP: 15/15 MP: 2/2
     0 | D:1      | Noticed a minotaur zombie
     1 | D:1      | Noticed a demonspawn zombie
    11 | D:1      | Noticed a minotaur zombie
    13 | D:1      | Noticed a minotaur zombie
    17 | D:1      | Noticed a merfolk zombie
    58 | D:1      | Reached XP level 2. HP: 21/21 MP: 3/3
   123 | D:1      | You are sucked into a shaft and drop 1 floor!
   149 | D:2      | Reached skill level 4 in Hexes
   149 | D:2      | Reached XP level 3. HP: 11/26 MP: 3/5
   510 | D:2      | Reached XP level 4. HP: 18/32 MP: 4/6
   604 | D:2      | Reached skill level 1 in Fire Magic
   837 | D:2      | HP: 1/33 [adder (3)]
  1089 | D:1      | Found Iseoxubb's Armour Shop.
  1102 | D:1      | Bought an orb of mayhem for 130 gold pieces
  1279 | D:1      | Reached XP level 5. HP: 38/38 MP: 7/7
  1410 | D:2      | Learned a level 3 spell: Inner Flame
  1946 | D:3      | Found a glowing drain.
  1970 | D:3      | Slain by a river rat

Illustrated notes

Levels and vault maps discovered:
D:1:      shiori_arrival_whats_in_store_for_you, layout_rooms, serial_shops,
          shop_fountains
D:2:      layout_basic, grunt_ministairs_1
D:3:      cheibrodos_helix_gallery, layout_loops_ring, fedhas_altar_3,
          mainiacjoe_overflow_catwalk_spiral, mainiacjoe_overflow_alcove_4,
          portal_sewer_entry_b

Skill      XL: |  1  2  3  4  5 |
---------------+----------------+-----
Hexes          | 4 |  4.8
Fire Magic     | 1 |  1.2
Ranged Weapons | 3 |  3.1
Fighting       | 2 |  2.1
Spellcasting   | 2 |  2.0
Dodging        | |  1.7

Action                   |  1- 3 |  4- 6 || total
-------------------------+-------+-------++-------
 Fire: Sling             |    77 |   162 ||   239
 Cast: Slow              |     2 |    12 ||    14
  Use: Potion            |       |     2 ||     2
Armor: Robe              |    11 |    23 ||    34
Dodge: Dodged            |    42 |    81 ||   123

Table legend: (Time is in decaauts)
 A = Elapsed time spent in this place.
 B = Non-inter-level travel time spent in this place.
 C = Inter-level travel time spent in this place.
 D = Time resting spent in this place.
 E = Time spent auto-exploring this place.
 F = Levels seen in this place.
 G = Mean time per level.
                   A        B        C        D        E       F      G
               +--------+--------+--------+--------+--------+-----+--------+
         Total |   2031 |   1953 |     78 |    323 |   1161 |   3 |  677.0 |
       Dungeon |   2031 |   1953 |     78 |    323 |   1161 |   3 |  677.0 |
               +--------+--------+--------+--------+--------+-----+--------+

Top non-repeatable levels by time:
     D:2: 1265 daAuts
     D:1: 480 daAuts
     D:3: 285 daAuts
